 Dungeon Crawl Stone Soup version 0.15-a0-2232-g756d4b8 (webtiles) character file.

134605 Ololoev the Bewitcher (level 16, -7/87 HPs)
             Began as a Spriggan Enchanter on July 24, 2014.
             Was the Champion of Okawaru.
             Shot with a bolt of flame by a naga sharpshooter (26 damage)
             ... led by Vashnia
             ... on Level 5 of the Snake Pit on July 25, 2014.
             The game lasted 04:28:33 (46990 turns).

Ololoev the Bewitcher (Spriggan Enchanter)         Turns: 46990, Time: 04:28:33

HP  -7/87        AC  8     Str  6      XL: 16   Next: 62%
MP  26/37        EV 35     Int 18      God: Okawaru [******]
Gold 2294        SH 13     Dex 26      Spells:  9 memorised, 16 levels left

rFire  + . .     SeeInvis +     G - +2 quick blade "Zeathres" {flame, +Rage +Fly rF+}
rCold  . . .     Clarity  .     o - +2 robe "Tuotun" {Dex+4 Int+2}
rNeg   + . .     rCorr    .     D - +3 buckler {AC+3}
rPois  +         rRot     .     h - +0 mask of the Dragon {MR+ Slay+3 SInv}
rElec  .         Spirit   .     p - +0 cloak {MR+}
SustAb .         Warding  .     (gloves unavailable)
rMut   .         Stasis   .     (boots unavailable)
Gourm  .                        l - amulet of faith
MR     ++++.                    Z - ring "Schecza" {rN+ Slay+5}
                                J - ring of poison resistance

@: very quick, incredibly resistant to hostile enchantments, extremely stealthy
A: unfitting armour, see invisible, herbivore 3, speed 3, slow metabolism 2
a: Heroism, Finesse, Renounce Religion, Evoke Berserk Rage, Evoke Flight


You were on level 5 of the Snake Pit.
You worshipped Okawaru.
Okawaru was exalted by your worship.
You were not hungry.

You visited 6 branches of the dungeon, and saw 36 of its levels.
You visited 1 bazaar.
You also visited: Ice Cave.

You collected 3254 gold pieces.
You spent 960 gold pieces at shops.

Inventory:

Hand weapons
 G - the +2 quick blade "Zeathres" (weapon) {flame, +Rage +Fly rF+}
   (Okawaru gifted it to you on level 11 of the Dungeon)

   It emits flame when wielded, causing extra injury to most foes and up to
   double damage against particularly susceptible opponents.
   It protects you from fire.
   It lets you fly.
   It lets you go berserk.
Missiles
 k - 20 stones (quivered)
Armour
 h - the +0 mask of the Dragon (worn) {MR+ Slay+3 SInv}
   (You bought it in a shop on level 9 of the Dungeon)

   It affects your accuracy and damage with ranged weapons and melee attacks
   (+3).
   It affects your resistance to hostile enchantments.
   It enhances your eyesight.
 o - the +2 robe "Tuotun" (worn) {Dex+4 Int+2}
   (Okawaru gifted it to you on level 11 of the Dungeon)

   It affects your intelligence (+2).
   It affects your dexterity (+4).
 p - a +0 cloak of magic resistance (worn)
 D - a +3 buckler of protection (worn)
 Q - a pearl dragon hide
Magical devices
 g - a wand of slowing (12)
 i - a wand of invisibility (0)
 s - a wand of invisibility (0)
 w - a wand of cold (4)
 z - a wand of digging (9)
 L - a wand of heal wounds (0)
 P - a wand of digging (12)
 S - a wand of digging (16)
 V - a wand of disintegration (4)
 W - a wand of cold (0)
Comestibles
 c - 13 fruits
 q - 12 bread rations
 N - 3 royal jellies
Scrolls
 b - 7 scrolls of enchant weapon
 d - 11 scrolls of teleportation
 y - 10 scrolls of remove curse
 B - 3 scrolls of blinking
 C - 3 scrolls of amnesia
 E - 4 scrolls of magic mapping
 H - a scroll of fear
 I - a scroll of vulnerability
 R - 15 scrolls of identify
 T - a scroll of holy word {unknown}
 U - 3 scrolls of enchant armour
Jewellery
 l - an amulet of faith (around neck)
 r - a +3 ring of dexterity {unknown}
 v - a cursed amulet of inaccuracy {unknown}
 x - an uncursed amulet of clarity {unknown}
 J - a ring of poison resistance (left hand)
 O - an uncursed amulet of warding {unknown}
 Z - the ring "Schecza" (right hand) {rN+ Slay+5}
   (You found it on level 4 of the Snake Pit)

   [ring of positive energy]

   It affects your accuracy and damage with ranged weapons and melee attacks
   (+5).
   It protects you from negative energy.
Potions
 a - 3 potions of invisibility
 e - 2 potions of flight
 f - 2 potions of cancellation
 j - 10 potions of curing
 m - 4 potions of restore abilities
 n - a potion of resistance
 t - 5 potions of berserk rage
 u - 4 potions of might
 A - 3 potions of agility
 K - 4 potions of brilliance
 Y - 2 potions of haste
Books
 M - a book of Clouds

   Spells                             Type                      Level
   Mephitic Cloud                     Conjuration/Poison/Air       3
   Conjure Flame                      Conjuration/Fire             3
   Poisonous Cloud                    Conjuration/Poison/Air       6
   Freezing Cloud                     Conjuration/Ice/Air          6
   Ring of Flames                     Charms/Fire                  7
Miscellaneous
 F - a lantern of shadows
 X - a legendary deck of summonings {the Pentagram}


   Skills:
 - Level 11.1 Fighting
 - Level 12.2 Short Blades
 - Level 3.5 Armour
 - Level 14.0 Dodging
 + Level 12.6 Stealth
 - Level 7.5 Shields
 - Level 11.0 Spellcasting
 * Level 17.3 Hexes
 - Level 6.4 Ice Magic
 - Level 6.0 Evocations


You had 16 spell levels left.
You knew the following spells:

 Your Spells              Type           Power        Failure   Level  Hunger
a - Tukima's Dance        Hex            ######..     0%          3    None
b - Ensorcelled Hibernat  Hex/Ice        ######       1%          2    None
c - Confuse               Hex            ######..     0%          3    None
d - Sure Blade            Hex/Chrm       #####.....   1%          2    None
e - Summon Butterflies    Summ           #.......     10%         1    None
f - Apportation           Tloc           #.........   10%         1    None
g - Blink                 Tloc           N/A          12%         2    None
h - Dazzling Spray        Conj/Hex       #####...     1%          3    None
i - Fulminant Prism       Conj/Hex       #####.....   2%          4    ##.....


Dungeon Overview and Level Annotations

Branches:
Dungeon (13/15) Temple (1/1) D:6 Orc (4/4) D:12 Elf (0/3) Orc:4 Lair (8/8) D:11 Swamp (5/5) Lair:3 Snake (5/5) Lair:6 Slime (0/6) Lair:6 Vaults (0/5) D:12 D:13

Altars:
Ashenzari
Cheibriados
Dithmenos
Elyvilon
Fedhas
Gozag
Kikubaaqudgha
Makhleb
Nemelex Xobeh
Okawaru
Qazlal
Sif Muna
Trog
Vehumet
Xom
Yredelemnul
Zin
The Shining One
Beogh
Jiyva

Shops:
D:4 }   D:6 *   D:9 [%(}(   D:12 :*(   Orc:2 =[   Orc:3 :   Orc:4 ([[%
Snake:1 [

Annotations:
D:13 Gastronok
Orc:4 Urug
Swamp:5 Aizul, Norris
Snake:5 Vashnia


Innate Abilities, Weirdness & Mutations

You are tiny and cannot use many weapons and most armour.
You have supernaturally acute eyesight.
You are a herbivore.
You cover ground extremely quickly.
You need consume almost no food.


Message History

The naga sharpshooter easily resists.
Casting: Tukima's Dance
Confirm with . or Enter, or press ? or * to list all spells.
Aiming: Tukima's Dance
Press: ? - help, Shift-Dir - straight line, f/p - naga sharpshooter
Aim: a naga sharpshooter, wielding a war axe The war axe dances into the air!
The naga sharpshooter shoots an arrow.
The arrow completely misses you.
The naga sharpshooter wields a longbow.
The naga sharpshooter shoots an arrow.
The arrow hits you!!
The naga sharpshooter unwields an uncursed trident.
The naga sharpshooter wields an arbalest.
The naga sharpshooter mumbles some strange words.
Magically, the naga sharpshooter shoots a bolt of flame.
The bolt of flame hits you! The bolt of flame burns you.
Vashnia the Elite Marksnaga comes into view.
She is wielding a runed dire flail.
The naga sharpshooter shoots an arrow.
The arrow hits you!!
* * * LOW HITPOINT WARNING * * *
The naga sharpshooter shoots a bolt of flame.
The bolt of flame hits you!!
You die...

####
$#####..##
N.........#
#..$....@.#
..........#
.........#
.........#
..........
.........N
###....NN
##...###
...


You could see Vashnia (wandering) and 3 naga sharpshooters.

Vanquished Creatures
  Saint Roka (Orc:4)
  The ghost of FiftyNine the Alchemist, a mighty MfTm of Nemelex Xobeh (Swamp:2)
  Rupert (D:12)
  A greater naga (Snake:4)
  Louise (Swamp:1)
  Snorg (Orc:2)
  Josephine (Swamp:1)
  An ice dragon (Lair:3)
  The ghost of WhatIsLove the Geomancer, a powerful FoEE of Ashenzari (D:11)
  Harold (D:9)
  11 hydras
  A shambling mangrove (Swamp:2)
  4 naga warriors
  2 anacondas (Snake:3)
  Erica (Lair:6)
  7 alligators
  3 naga sharpshooters
  The ghost of ThorGoll the Ogre Mage, an experienced OgFE of Vehumet (D:7)
  2 shock serpents
  5 spriggans
  A salamander mystic (Snake:3)
  The ghost of haldagan the Hoplite, an experienced VSFi of Makhleb (D:9)
  7 ice devils (IceCv)
  An unseen horror (D:11)
  2 ice statues (IceCv)
  3 swamp dragons
  A sea snake (Snake:3)
  4 hill giants
  3 naga ritualists
  Pikel (D:7)
  2 orc knights
  A wizard (D:11)
  3 mana vipers
  4 orc sorcerers (Orc:4)
  5 salamanders
  2 wolf spiders (Lair:8)
  3 red wasps (Lair:8)
  14 elephants
  Maurice (Orc:4)
  20 black mambas
  7 naga magi
  A guardian serpent (Lair:8)
  15 spiny frogs
  2 gargoyles (D:12)
  2 torpor snails
  The ghost of tabulaattori the Shield-Bearer, an experienced FoFi (D:4)
  The ghost of tabulaattori the Ducker, an experienced SpFi (D:5)
  A smoke demon (Orc:4)
  3 kobold demonologists (D:12)
  An anaconda simulacrum (IceCv)
  2 feature mimics
  A fire drake (Lair:8)
  6 komodo dragons
  3 blue devils (IceCv)
  2 freezing wraiths (Swamp:5)
  3 baby alligators (Swamp:2)
  7 polar bears
  2 trolls
  Prince Ribbit (D:4)
  12 slime creatures
  3 giant leeches
  A two-headed ogre (Orc:3)
  8 blink frogs
  8 bog bodies
  11 ravens
  A raiju (Lair:8)
  2 redbacks
  4 basilisks
  A giant leech zombie (Swamp:1)
  11 ugly things
  2 dire elephant simulacra (IceCv)
  2 steam dragons
  10 yaks
  Eustachio (D:4)
  16 vampire mosquitoes
  6 humans
  2 hungry ghosts
  Grum (D:8)
  5 hippogriffs
  5 swamp worm simulacra (Swamp:5)
  9 hogs (Lair:8)
  2 spriggan skeletons (Swamp:1)
  11 wargs
  30 swamp worms
  6 hydra simulacra
  Menkaure (D:6)
  16 nagas
  2 harpy simulacra (IceCv)
  3 hell hounds (Lair:8)
  45 water moccasins
  5 porcupines
  2 phantoms
  34 wolves
  5 sky beasts
  7 black bears
  7 ice beasts
  3 spiders (Lair:8)
  8 yellow wasps
  7 swamp drakes
  35 orc warriors
  5 ogres
  3 centaurs
  2 manticore skeletons (D:9)
  3 boring beetles (Lair:8)
  12 crocodiles
  Sigmund (D:7)
  Duvessa (D:5)
  14 big kobolds (D:8)
  18 giant frogs
  A brain worm (Lair:4)
  A wyvern zombie (D:10)
  11 insubstantial wisps
  2 killer bees (D:12)
  2 eyes of draining (D:12)
  3 scorpions
  6 electric eels
  A hippogriff skeleton (D:9)
  2 goliath beetles (D:7)
  10 wights
  Dowan (D:5)
  A quasit (D:6)
  A two-headed ogre zombie (D:10)
  2 centaur zombies
  10 crimson imps
  A giant frog zombie (D:8)
  33 orc priests
  3 centaur skeletons
  21 hounds
  2 giant frog skeletons
  Natasha (twice) (D:5)
  8 iguanas
  30 orc wizards
  14 worker ants
  2 orange rats (D:11)
  6 sheep (Lair:8)
  2 big kobold zombies
  2 ogre zombies
  Ijyb (D:4)
  Jessica (D:3)
  An ogre skeleton (Orc:4)
  A mummy (D:7)
  A worker ant zombie (D:7)
  A hound skeleton (D:3)
  26 green rats
  35 adders
  2 gnolls
  A swamp drake zombie (Swamp:1)
  13 white imps
  4 shadow imps
  A swamp drake skeleton (Swamp:1)
  2 giant mites
  A hound simulacrum (D:8)
  2 ufetubi (D:8)
  3 swamp drake simulacra (Swamp:5)
  An orc zombie (D:8)
  5 giant geckos
  An ooze (D:2)
  187 orcs
  7 giant cockroaches
  19 goblins
  19 hobgoblins
  15 jackals
  23 kobolds
  12 bats
  A giant gecko skeleton (D:4)
  2 giant newts
  2 orc skeletons
  24 quokkas
  18 rats
  A rat zombie (D:5)
  A fungus (Lair:7)
  2 plants (Lair:8)
1212 creatures vanquished.

Vanquished Creatures (others)
  4 dancing weapons (Snake:4)
  A swamp worm (Swamp:5)
  4 slaves (D:7)
  A centaur (D:7)
  A crimson imp (D:7)
  7 fulminant prisms (Swamp:5)
  An orc wizard (D:7)
  A worker ant (D:7)
  2 orcs (D:7)
  A jackal (D:7)
  An orc zombie (Orc:4)
  A rat (D:7)
  4 fungi (Lair:8)
  5 plants
34 creatures vanquished.

Grand Total: 1246 creatures vanquished

Notes
Turn   | Place    | Note
--------------------------------------------------------------
     0 | D:1      | Ololoev, the Spriggan Enchanter, began the quest for the Orb.
     0 | D:1      | Reached XP level 1. HP: 9/9 MP: 4/4
   477 | D:1      | Reached XP level 2. HP: 11/13 MP: 6/8
   506 | D:1      | Learned a level 2 spell: Ensorcelled Hibernation
  1158 | D:2      | Reached XP level 3. HP: 16/16 MP: 8/11
  1457 | D:2      | Reached skill level 5 in Hexes
  1457 | D:2      | Reached XP level 4. HP: 21/21 MP: 15/15
  1604 | D:2      | Learned a level 3 spell: Confuse
  1607 | D:2      | Learned a level 2 spell: Sure Blade
  1669 | D:2      | Found a glowing golden altar of the Shining One.
  1672 | D:2      | Found a burning altar of Makhleb.
  2016 | D:3      | Noticed Jessica
  2070 | D:3      | Killed Jessica
  2373 | D:3      | Reached XP level 5. HP: 24/24 MP: 11/18
  2376 | D:3      | Reached skill level 6 in Hexes
  2959 | D:4      | Noticed Eustachio
  2988 | D:4      | Killed Eustachio
  2988 | D:4      | Reached skill level 5 in Spellcasting
  2988 | D:4      | Reached skill level 7 in Hexes
  2988 | D:4      | Reached XP level 6. HP: 16/28 MP: 20/21
  3341 | D:4      | Noticed Prince Ribbit
  3888 | D:4      | Noticed tabulaattori's ghost (experienced FoFi)
  3923 | D:4      | Killed tabulaattori's ghost
  3923 | D:4      | Reached skill level 8 in Hexes
  3923 | D:4      | Reached XP level 7. HP: 32/32 MP: 24/24
  3983 | D:4      | Found a glowing silver altar of Zin.
  4006 | D:4      | Found Piucvuopusm's Gadget Emporium.
  4020 | D:4      | Bought a wand of invisibility (3) for 70 gold pieces
  4177 | D:4      | Killed Prince Ribbit
  4177 | D:4      | Reached skill level 9 in Hexes
  4395 | D:4      | Noticed Ijyb
  4405 | D:4      | Killed Ijyb
  4439 | D:4      | Found a shadowy altar of Dithmenos.
  4439 | D:4      | Noticed a phantom
  4484 | D:4      | Killed a phantom
  4484 | D:4      | Reached XP level 8. HP: 25/36 MP: 26/26
  4902 | D:5      | Entered Level 5 of the Dungeon
  4902 | D:5      | Noticed Duvessa
  4902 | D:5      | Noticed Dowan
  4902 | D:5      | Noticed tabulaattori's ghost (experienced SpFi)
  4974 | D:5      | Reached skill level 10 in Hexes
  5200 | D:5      | Killed Duvessa
  5240 | D:5      | Killed Dowan
  5325 | D:5      | Reached skill level 11 in Hexes
  5540 | D:5      | Killed tabulaattori's ghost
  5669 | D:5      | Reached skill level 12 in Hexes
  5796 | D:5      | Noticed Natasha
  5822 | D:5      | Killed Natasha
  5854 | D:5      | Noticed Natasha
  5864 | D:5      | Killed Natasha
  6018 | D:6      | Found a deep blue altar of Sif Muna.
  6156 | D:6      | Noticed Menkaure
  6181 | D:6      | Killed Menkaure
  6181 | D:6      | Reached XP level 9. HP: 28/39 MP: 27/27
  6587 | D:4      | Got a steaming hand axe
  6589 | D:4      | Identified the +4 hand axe of Freehold {pain, Str-1 Dex+3} (You found it on level 4 of the Dungeon)
  6691 | D:6      | Reached skill level 13 in Hexes
  6704 | D:6      | Found a staircase to the Ecumenical Temple.
  6709 | Temple   | Entered the Ecumenical Temple
  6962 | Temple   | Became a worshipper of Warmaster Okawaru
  7098 | D:6      | Found Schuafem's Serpentskin Sales.
  7102 | D:6      | Bought a potion of poison for 14 gold pieces
  7580 | D:7      | Noticed ThorGoll's ghost (experienced OgFE)
  8256 | D:7      | Reached skill level 14 in Hexes
  8550 | D:7      | Noticed Pikel
  8780 | D:7      | Killed Pikel
  8780 | D:7      | Acquired Okawaru's first power
  8780 | D:7      | Reached skill level 15 in Hexes
  8823 | D:7      | Killed ThorGoll's ghost
  8886 | D:7      | Reached XP level 10. HP: 41/44 MP: 13/29
  9169 | D:7      | Reached skill level 1 in Evocations
  9195 | D:7      | Noticed Sigmund
  9223 | D:7      | Killed Sigmund
  9223 | D:7      | Reached skill level 1 in Fighting
  9881 | D:8      | Noticed Grum
 10166 | D:8      | Killed Grum
 10647 | D:8      | Found a snail-covered altar of Cheibriados.
 11135 | D:8      | Reached skill level 5 in Evocations
 11195 | D:8      | Acquired Okawaru's second power
 11543 | D:8      | Found a glowing golden altar of the Shining One.
 11597 | D:8      | Found a shattered altar of Ashenzari.
 11622 | D:8      | Found a stormy altar of Qazlal.
 11683 | D:8      | Found a sparkling altar of Nemelex Xobeh.
 11867 | D:9      | Found Ommiv's Weapon Emporium.
 11975 | D:9      | Found Ceve's Antique Weapon Boutique.
 11983 | D:9      | Bought an ancient short sword for 168 gold pieces
 11984 | D:9      | Identified the +7 short sword of Teuqits {slice, rF+} (You bought it in a shop on level 9 of the Dungeon)
 12131 | D:9      | Found Plaanwil's Armour Boutique.
 12184 | D:9      | Reached skill level 5 in Fighting
 12297 | D:9      | Found an ancient bone altar of Kikubaaqudgha.
 12374 | D:9      | Noticed haldagan's ghost (experienced VSFi)
 12393 | D:9      | Killed haldagan's ghost
 12393 | D:9      | Received a gift from Okawaru
 12393 | D:9      | Reached skill level 5 in Short Blades
 12393 | D:9      | Reached skill level 5 in Stealth
 12393 | D:9      | Reached XP level 11. HP: 56/56 MP: 29/29
 12442 | D:9      | Found Rogeiva's Food Shop.
 12519 | D:9      | Found Khiupp's Gadget Shoppe.
 12602 | D:10     | Entered Level 10 of the Dungeon
 12602 | D:10     | Noticed Harold
 12621 | D:9      | HP: 1/56 [Harold/bolt of fire (16)]
 12636 | D:9      | Killed Harold
 12875 | D:10     | Identified a scroll of acquirement
 13195 | D:10     | Noticed a hill giant
 13220 | D:10     | Killed a hill giant
 13691 | D:10     | Learned a level 3 spell: Tukima's Dance
 13693 | D:10     | Learned a level 1 spell: Summon Butterflies
 13695 | D:10     | Learned a level 1 spell: Apportation
 13698 | D:10     | Learned a level 2 spell: Blink
 14041 | D:11     | Found a staircase to the Lair.
 14143 | D:11     | Noticed an unseen horror
 14165 | D:11     | Killed an unseen horror
 14523 | D:11     | Noticed a hill giant
 14528 | D:11     | Killed a hill giant
 14528 | D:11     | Received a gift from Okawaru
 14531 | D:11     | Got an encrusted quick blade {god gift}
 14535 | D:11     | Identified the +2 quick blade "Zeathres" {flame, +Rage +Fly rF+} (Okawaru gifted it to you on level 11 of the Dungeon)
 14552 | D:11     | Noticed a hill giant
 14573 | D:11     | Killed a hill giant
 14657 | D:11     | Reached skill level 10 in Short Blades
 14662 | D:11     | Noticed WhatIsLove's ghost (powerful FoEE)
 14688 | D:11     | Killed WhatIsLove's ghost
 14688 | D:11     | Received a gift from Okawaru
 14691 | D:11     | Got a colourful robe {god gift}
 14704 | D:11     | Identified the +2 robe "Tuotun" {Dex+4 Int+2} (Okawaru gifted it to you on level 11 of the Dungeon)
 15168 | D:12     | Found Nekoi's Weapon Emporium.
 15269 | D:12     | Reached XP level 12. HP: 60/60 MP: 31/31
 15278 | D:12     | Found Goaqid's Assorted Antiques.
 15330 | D:12     | Found Shrel's Book Shoppe.
 15355 | D:12     | Noticed a hill giant
 15371 | D:12     | Killed a hill giant
 15395 | D:12     | Found a staircase to the Orcish Mines.
 15528 | D:12     | Found a flickering gateway to a bazaar.
 15565 | Bazaar   | Entered a bazaar
 15565 | Bazaar   | Found Olestrerr's Weapon Boutique.
 15565 | Bazaar   | Found Baebeg's Book Shop.
 15565 | Bazaar   | Found Oschaidd's Weapon Shop.
 15565 | Bazaar   | Found Tweasufo's Distillery.
 15576 | Bazaar   | Bought 2 potions of mutation for 60 gold pieces
 15576 | Bazaar   | Bought a potion of degeneration for 24 gold pieces
 15576 | Bazaar   | Bought a potion of flight for 36 gold pieces
 15576 | Bazaar   | Bought a potion of brilliance for 30 gold pieces
 15576 | Bazaar   | Bought a potion of curing for 24 gold pieces
 16471 | D:13     | Found a gate to the Vaults.
 16471 | D:13     | Noticed Rupert
 16471 | D:13     | Noticed Gastronok
 17005 | D:12     | Reached skill level 10 in Stealth
 17430 | D:12     | Killed Rupert
 17430 | D:12     | Received a gift from Okawaru
 18265 | Lair:1   | Entered Level 1 of the Lair of Beasts
 18685 | Lair:1   | Reached skill level 1 in Ice Magic
 20140 | Lair:3   | Noticed a four-headed hydra
 20164 | Lair:3   | Killed a four-headed hydra
 20193 | Lair:3   | Noticed a five-headed hydra
 20206 | Lair:3   | Killed a five-headed hydra
 20660 | Lair:3   | Received a gift from Okawaru
 20729 | Lair:3   | Found a staircase to the Swamp.
 20853 | Lair:3   | Noticed an ice dragon
 20886 | Lair:3   | Killed an ice dragon
 20886 | Lair:3   | Reached XP level 13. HP: 56/68 MP: 29/31
 22010 | Lair:4   | Reached skill level 16 in Hexes
 22131 | Lair:4   | Reached skill level 5 in Dodging
 22380 | Lair:4   | Learned a level 3 spell: Dazzling Spray
 22509 | Lair:4   | Learned a level 4 spell: Fulminant Prism
 22846 | Lair:5   | Received a gift from Okawaru
 22849 | Lair:5   | Got a brightly glowing dagger {god gift}
 22850 | Lair:5   | Identified the +8 dagger "Twumom" {freeze, SInv} (Okawaru gifted it to you on level 5 of the Lair of Beasts)
 23788 | Lair:6   | Received a gift from Okawaru
 23835 | Lair:6   | Noticed Erica
 23840 | Lair:6   | Found a staircase to the Snake Pit.
 23849 | Lair:6   | Killed Erica
 23849 | Lair:6   | Reached skill level 10 in Dodging
 24147 | Lair:6   | Found a viscous altar of Jiyva.
 24148 | Lair:6   | Found a staircase to the Slime Pits.
 24456 | Lair:7   | Got an ancient shortbow
 24457 | Lair:7   | Identified the cursed +1 shortbow "Doeczumn" {speed, rF+ Str+1 Int-3} (You found it on level 7 of the Lair of Beasts)
 25220 | Lair:8   | Entered Level 8 of the Lair of Beasts
 25354 | Lair:8   | Received a gift from Okawaru
 25440 | Lair:8   | Reached skill level 1 in Shields
 25942 | D:9      | Bought the +0 mask of the Dragon {MR+ Slay+3 SInv} for 534 gold pieces
 26620 | Lair:8   | Reached XP level 14. HP: 73/73 MP: 16/33
 27437 | Lair:8   | Received a gift from Okawaru
 27448 | Lair:8   | Got a distressingly furry swamp dragon armour {god gift}
 27460 | Lair:8   | Identified the +1 swamp dragon armour of Mezcal {rPois rC+} (Okawaru gifted it to you on level 8 of the Lair of Beasts)
 27818 | Lair:8   | Reached skill level 5 in Shields
 28574 | Lair:8   | Got a polished dagger
 28575 | Lair:8   | Identified the -2 dagger of Koniuc {freeze, MR++} (You found it on level 8 of the Lair of Beasts)
 29370 | Swamp:1  | Entered Level 1 of the Swamp
 29371 | Swamp:1  | Upgraded the game from 0.15-a0-2213-gb17132f to 0.15-a0-2227-g1e78800
 29414 | Swamp:1  | Noticed Louise
 29557 | Swamp:1  | Noticed Josephine
 29605 | Swamp:1  | Killed Josephine
 29968 | Swamp:1  | Killed Louise
 30926 | Swamp:2  | Noticed FiftyNine's ghost (mighty MfTm)
 30987 | Swamp:2  | Killed FiftyNine's ghost
 30987 | Swamp:2  | Received a gift from Okawaru
 30991 | Swamp:2  | Upgraded the game from 0.15-a0-2227-g1e78800 to 0.15-a0-2232-g756d4b8
 31711 | Swamp:2  | Reached XP level 15. HP: 78/78 MP: 17/34
 32637 | Swamp:3  | Reached skill level 17 in Hexes
 33029 | Swamp:3  | Received a gift from Okawaru
 33495 | Swamp:4  | Found a frozen archway.
 33704 | IceCv    | Entered an ice cave
 34953 | IceCv    | Noticed an Ice Fiend
 35269 | IceCv    | HP: 1/79 [Ice Fiend/bolt of cold (56)]
 35588 | Swamp:4  | Received a gift from Okawaru
 35591 | Swamp:4  | Got an ominously black robe {god gift}
 35603 | Swamp:4  | Identified the -4 robe of Mirth {rF+ Dex+3} (Okawaru gifted it to you on level 4 of the Swamp)
 35743 | Swamp:4  | Reached skill level 5 in Ice Magic
 36234 | Swamp:5  | Entered Level 5 of the Swamp
 36650 | Swamp:5  | Noticed Aizul
 37374 | Swamp:5  | Reached skill level 10 in Spellcasting
 37688 | Swamp:5  | Reached skill level 10 in Fighting
 37701 | Swamp:5  | Noticed Norris
 38198 | Orc:1    | Entered Level 1 of the Orcish Mines
 38702 | Orc:2    | Noticed Snorg
 38729 | Orc:2    | Found Ghikur's Jewellery Shop.
 38739 | Orc:2    | Killed Snorg
 38771 | Orc:2    | Found Feadouny's Antique Armour Emporium.
 39208 | Orc:2    | Found a roughly hewn altar of Beogh.
 39833 | Orc:3    | Received a gift from Okawaru
 39837 | Orc:3    | Got a silk robe {god gift}
 39849 | Orc:3    | Identified the +4 robe of Okawaru {Str-2 Int+2} (Okawaru gifted it to you on level 3 of the Orcish Mines)
 39877 | Orc:3    | Found Zeotiegh's Book Boutique.
 40207 | Orc:4    | Entered Level 4 of the Orcish Mines
 40307 | Orc:4    | Noticed Maurice
 40316 | Orc:4    | Killed Maurice
 40503 | Orc:4    | Found a roughly hewn altar of Beogh.
 40697 | Orc:4    | Noticed Saint Roka
 41417 | Orc:4    | Found a roughly hewn altar of Beogh.
 41417 | Orc:4    | Found Jucvorakk's Antique Weapon Shop.
 41421 | Orc:4    | Found Throoluo's Antique Armour Boutique.
 41469 | Orc:4    | Killed Saint Roka
 41469 | Orc:4    | Reached XP level 16. HP: 33/86 MP: 7/37
 41699 | Orc:4    | Found a staircase to the Elven Halls.
 41739 | Orc:4    | Found a roughly hewn altar of Beogh.
 41755 | Orc:4    | Noticed Urug
 41802 | Orc:4    | Found a roughly hewn altar of Beogh.
 41802 | Orc:4    | Found Shiympal's Antique Armour Shop.
 41931 | Orc:4    | Found a roughly hewn altar of Beogh.
 41983 | Orc:4    | Found a roughly hewn altar of Beogh.
 42066 | Orc:4    | Found a roughly hewn altar of Beogh.
 42109 | Orc:4    | Found a roughly hewn altar of Beogh.
 42116 | Orc:4    | Found Xeaves' Food Shoppe.
 42606 | Snake:1  | Entered Level 1 of the Snake Pit
 42614 | Snake:1  | Found Ifula's Antique Armour Shoppe.
 43035 | Snake:1  | Received a gift from Okawaru
 43435 | Snake:2  | Found a white marble altar of Elyvilon.
 44073 | Snake:3  | Reached skill level 1 in Armour
 45520 | Snake:3  | Received a gift from Okawaru
 46203 | Snake:4  | Got a wavering tin ring
 46205 | Snake:4  | Identified the ring "Schecza" {rN+ Slay+5} (You found it on level 4 of the Snake Pit)
 46931 | Snake:5  | Entered Level 5 of the Snake Pit
 46990 | Snake:5  | Noticed Vashnia
 46990 | Snake:5  | Shot with a bolt of flame by a naga sharpshooter

Action                   |  1- 3 |  4- 6 |  7- 9 | 10-12 | 13-15 | 16-18 || total
-------------------------+-------+-------+-------+-------+-------+-------++-------
Melee: Dagger            |    60 |    96 |   277 |   232 |       |       ||   665
       Short sword       |       |       |       |   146 |       |       ||   146
       Quick blade       |       |       |       |   262 |  1598 |   392 ||  2252
Throw: Stone             |       |       |       |     2 |    27 |       ||    29
 Cast: Corona            |     6 |       |       |       |       |       ||     6
       Ensorcelled Hiber |    10 |    39 |   107 |   252 |   542 |    97 ||  1047
       Sure Blade        |       |     1 |     7 |     3 |       |       ||    11
       Confuse           |       |     4 |    74 |   138 |   227 |    86 ||   529
       Dazzling Spray    |       |       |       |       |     3 |       ||     3
       Fulminant Prism   |       |       |       |       |     7 |       ||     7
       Tukima's Dance    |       |       |       |       |       |    25 ||    25
 Abil: Evoke Berserk Rag |       |       |       |     1 |     2 |       ||     3
Evoke: Wand              |       |       |     3 |    15 |    25 |     1 ||    44
  Use: Scroll            |       |     8 |     8 |    16 |     9 |     2 ||    43
       Potion            |       |       |     1 |     5 |     5 |       ||    11
 Stab: Sleeping          |    13 |    19 |    64 |   157 |   340 |    58 ||   651
       Confused          |       |     5 |    37 |    76 |   122 |    32 ||   272
       Distracted        |       |       |     2 |     2 |     3 |     3 ||    10
       Invisible         |       |       |     2 |     1 |    11 |       ||    14
       Fleeing           |       |       |       |       |     1 |       ||     1
  Eat: Pizza             |       |     1 |       |       |     1 |       ||     2
       Bread ration      |       |     1 |     1 |     2 |       |       ||     4
       Fruit             |       |       |       |     3 |     8 |       ||    11
       Royal jelly       |       |       |       |       |     6 |     3 ||     9
